 Dungeon Crawl Stone Soup version 0.30.1-9-gdf580d7c3d (webtiles) character file.

Game seed: 3862309883687772710

114529 bearlyready the Impaler (level 16, -9/136 HPs)
             Began as a Merfolk Transmuter on Oct 18, 2023.
             Was the Champion of Okawaru.
             Killed from afar by a fenstrider witch (15 damage)
             ... with a toxic sludge
             ... on level 2 of the Swamp.
             The game lasted 01:04:46 (31207 turns).

bearlyready the Impaler (Merfolk Transmuter)       Turns: 31207, Time: 01:04:46

Health: -9/136     AC: 26    Str: 12    XL:     16   Next: 66%
Magic:  17/25      EV: 18    Int: 12    God:    Okawaru [******]
Gold:   2472       SH: 21    Dex: 21    Spells: 19/28 levels left

rFire   + . .        e - +10 lance "Wyrmbane" {slay drac, rPois rF+ rC+ AC+3}
rCold   + + .        A - +2 kite shield {AC+3}
rNeg    . . .        r - +3 scale mail {rC+}
rPois   +            U - +2 helmet
rElec   +            T - +1 cloak
rCorr   .            x - +0 pair of gloves of Jis Dias {rElec Regen+}
SInv    .            w - melded +0 pair of boots
Will    +....        k - amulet of reflection
Stlth   +            I - +4 ring of protection
HPRegen 1.22/turn    R - ring of poison resistance
MPRegen 0.19/turn

%: reflection
@: lethally poisoned (-9 -> -19), finesse-ful, studying Short Blades, very quick
A: nimble swimmer 2, mertail
a: Renounce Religion, Heroism, Finesse, Duel


You were on level 2 of the Swamp.
You worshipped Okawaru.
Okawaru was exalted by your worship.
You visited 5 branches of the dungeon, and saw 26 of its levels.
You visited 1 bazaar.
You also visited: Ossuary and Bailey.

You collected 5234 gold pieces.
You spent 2762 gold pieces at shops.

Inventory:

Hand Weapons
 e - the +10 lance "Wyrmbane" (weapon) {slay drac, rPois rF+ rC+ AC+3}
   (You took it off Maggie on level 6 of the Dungeon)

   AC:        It affects your AC (+3).
   rF:        It protects you from fire.
   rC:        It protects you from cold.
   rPois:     It protects you from poison.
 Y - a +0 hand axe
Missiles
 c - 21 javelins
 h - 46 boomerangs
 n - 4 throwing nets
 u - 70 poisoned darts
 C - 16 curare-tipped darts (quivered)
 P - 3 silver boomerangs
Armour
 r - a +3 scale mail of cold resistance (worn)
 w - a +0 pair of boots (melded)
 x - the +0 pair of gloves of Jis Dias (worn) {rElec Regen+}
   (You found it on level 5 of the Lair of Beasts)

   rElec:     It insulates you from electricity.
   Regen:     It increases your rate of health regeneration.
 A - a +2 kite shield of protection (worn)
 J - the +6 scale mail of Action {Rampage rPois rC- Will+++}
   (Okawaru gifted it to you on level 4 of the Lair of Beasts)

   rC:        It makes you vulnerable to cold.
   rPois:     It protects you from poison.
   Rampage:   It bestows one free step when moving towards enemies.
   Will:      It greatly increases your willpower.
 T - a +1 cloak (worn)
 U - a +2 helmet (worn)
Jewellery
 k - an amulet of reflection (around neck)
 o - a ring of magical power
 I - a +4 ring of protection (left hand)
 K - an amulet of regeneration
 R - a ring of poison resistance (right hand)
 Z - a ring of willpower
Wands
 y - a wand of paralysis (5)
 L - a wand of flame (43)
 O - a wand of digging (11)
 V - a wand of iceblast (5)
Scrolls
 a - 8 scrolls of identify
 d - 5 scrolls of amnesia
 f - 4 scrolls of teleportation
 j - 3 scrolls of magic mapping
 s - 2 scrolls of brand weapon
 t - 6 scrolls of enchant weapon
 B - 3 scrolls of blinking
 E - 3 scrolls of poison
 F - 3 scrolls of fear
 M - a scroll of butterflies
 N - 2 scrolls of silence
 Q - 2 scrolls of enchant armour
 S - 3 scrolls of torment
Potions
 b - 3 potions of flight
 g - 13 potions of heal wounds
 i - 4 potions of magic
 l - 4 potions of lignification
 m - 6 potions of invisibility
 p - 3 potions of degeneration
 q - 20 potions of curing
 v - 3 potions of cancellation
 z - 6 potions of mutation
 D - 3 potions of brilliance
 G - a potion of berserk rage
 H - 7 potions of attraction
 W - 4 potions of haste
 X - 4 potions of might


   Skills:
 + Level 15.0 Fighting
 + Level 20.0 Polearms
 - Level 4.1 Armour
 + Level 12.6 Dodging
 + Level 13.5 Shields
 - Level 3.2 Unarmed Combat
 + Level 6.6 Spellcasting
 + Level 10.8 Transmutations
 + Level 4.2 Earth Magic
 - Level 9.0 Invocations
 - Level 6.0 Evocations


You had 19 spell levels left.
You knew the following spells:

 Your Spells              Type           Power      Damage    Failure   Level
a - Beastly Appendage     Tmut           58%        N/A       1%          1
b - Wereblood             Tmut           29%        N/A       3%          2
c - Statue Form           Tmut/Erth      14%        N/A       100%        6

Your spell library contained the following spells:

 Spells                   Type           Power      Damage    Failure   Level
 Spider Form              Tmut/Pois      16%        N/A       50%         3
 Ignite Poison            Fire/Tmut/Pois 12%        N/A       75%         3
 Magic Dart               Conj           12%        1d3       87%         1
 Slow                     Hex            12%        N/A       87%         1
 Ice Form                 Ice/Tmut       16%        N/A       88%         4
 Stone Arrow              Conj/Erth      18%        3d8       91%         3
 Cigotuvi's Dreadful Rot  Necr/Pois/Air  6%         N/A       95%         2
 Lesser Beckoning         Tloc           6%         N/A       95%         2
 Confusing Touch          Hex            3%         N/A       99%         3
 Dazzling Flash           Conj/Hex       6%         N/A       99%         3
 Frozen Ramparts          Ice            6%         1d1       99%         3
 Gell's Gravitas          Tloc           3%         N/A       99%         3
 Hailstorm                Conj/Ice       3%         3d3       99%         3
 Mephitic Cloud           Conj/Pois/Air  3%         N/A       99%         3
 Ozocubu's Armour         Ice            3%         N/A       99%         3
 Teleport Other           Tloc           3%         N/A       99%         3
 Vampiric Draining        Necr           3%         2d6       99%         3
 Volatile Blastmotes      Fire/Tloc      6%         2d10      99%         3
 Iskenderun's Mystic Bla  Conj/Tloc      3%         2d3       100%        4
 Leda's Liquefaction      Hex/Erth       4%         N/A       100%        4
 Sticky Flame             Conj/Fire      3%         2d3       100%        4
 Freezing Cloud           Conj/Ice/Air   1%         6-21      100%        5
 Lee's Rapid Deconstruct  Erth           7%         3d6*      100%        5
 Metabolic Englaciation   Hex/Ice        1%         N/A       100%        5
 Eringya's Noxious Bog    Tmut/Pois      8%         N/A       100%        6
 Starburst                Conj/Fire      1%         6d3       100%        6
 Ignition                 Fire           1%         3d3       100%        8
 Lehudib's Crystal Spear  Conj/Erth      4%         10d3      100%        8
 Call Imp                 Summ           Unusable   N/A       N/A         2
 Animate Armour           Summ/Erth      Unusable   N/A       N/A         4
 Summon Ice Beast         Ice/Summ       Unusable   N/A       N/A         4
 Summon Forest            Summ/Tloc      Unusable   N/A       N/A         5
 Simulacrum               Ice/Necr       Unusable   N/A       N/A         6
 Summon Hydra             Summ           Unusable   N/A       N/A         7

Dungeon Overview and Level Annotations

Branches:
Dungeon (15/15)            Temple (1/1) D:6            Lair (5/5) D:11
  Swamp (3/4) Lair:3        Snake (0/4) Lair:3        Slime (0/5) Lair:4
    Orc (2/2) D:12            Elf (0/3) Orc:2        Vaults (0/5) D:13
 Depths (0/4) D:15        Ossuary (visited)          Bailey (visited)

Altars:
Ashenzari
Dithmenos
Elyvilon
Gozag
Hepliaklqana
Kikubaaqudgha
Makhleb
Okawaru
Ru
Sif Muna
Trog
Uskayaw
Vehumet
Wu Jian
Xom
Yredelemnul
Zin
The Shining One

Shops:
D:2 *   D:4 !   D:5 *   D:6 :   D:7 *   D:10 !   D:11 ([!   Orc:2 !(:*(

Annotations:
D:10 exclusion: orange crystal statue
Swamp:2 Nikola
Orc:2 2 transporters, jpeg9000's ghost, journeyman DjHW


Innate Abilities, Weirdness & Mutations

You are very nimble when in or above water. (Stealth+, EV+, Speed+++)
Your lower body shifts to a powerful aquatic tail in water.


Message History

The fenstrider witch hits you. The fenstrider witch barely misses you.
You puncture the fenstrider witch!
The fenstrider witch is almost dead.
Your legs become a tail as you enter the water.
Your +0 pair of boots melds into your body.
The fenstrider witch casts a spell at you.
You suddenly lose the ability to move!
The fenstrider witch hits you but does no damage.
The fenstrider witch kicks you!
The fenstrider witch casts a spell at you.
Your body is wracked with pain!
* * * LOW HITPOINT WARNING * * *
The fenstrider witch gestures at you while chanting.
The toxic sludge hits you!
You are poisoned.
You partially resist.
* * * LOW HITPOINT WARNING * * *
You can move again.
Unknown command.
You feel better.
You fester in the toxic bog!
You partially resist.
You are poisoned.
You feel sick.
You block the fenstrider witch's attack.
The fenstrider witch kicks you!
* * * LOW HITPOINT WARNING * * *
Aiming: Paralyse
Press: ? - help, Shift-Dir - straight line, f - fenstrider witch
Aim: a fenstrider witch, wearing a +0 robe (almost dead, chance to affect: 6%)
Okay, then.
Unknown command.
You miss the fenstrider witch. You tail-slap the fenstrider witch.
The fenstrider witch is almost dead.
You fester in the toxic bog.
You partially resist.
You are more poisoned.
You feel sick.
The fenstrider witch casts a spell at you.
The toxic sludge hits you!
You are lethally poisoned!
You partially resist.
You die...

....♣♣.#†.♣~~♣.~§~~~~~~.§~§...~~~
..~.♣.....♣~..~.~~~~~~..~~.....~.
~~.~...#[~..~.♣.~...♣.~...♣......
.......#......♣~..~.♣♣~...~~~~...
.~~~~###.~~..♣♣♣♣♣♣♣♣♣♣.~~.~~§~~~
.....~....♣~♣♣..~♣ ♣♣♣♣~.~~.~~~~~
.~.~~..~.~.♣♣.~~.♣♣♣.~~~~..~~.~~~
..♣~.......~♣.~~>.♣♣..~~♣♣~<).[~~
♣♣♣♣~♣..~~~♣♣~.H@~~~♣~..♣♣.~♣♣..~
.♣♣♣♣♣♣~♣~..~....~~~♣♣♣♣♣♣~~♣♣~~.
.♣♣.♣♣.♣.~~~~~~.....♣ ♣♣~♣♣~♣♣
.....~.~.~~~~~.~♣♣♣♣♣ ♣♣♣♣♣.~
~♣♣~~..~.~......♣♣ ♣~~~
.§..~.~.§♣♣~~♣...♣ ♣~~~~
..~.....♣♣♣♣♣♣...♣ ♣♣.~.
~........... .♣..♣ ♣♣♣♣
.~..PP....PP..~.§~~


You could see a fenstrider witch.

Vanquished Creatures
  Jorgrun (Swamp:2)
  A thorn hunter (Swamp:1)
  An orc warlord (Orc:1)
  An eleionoma (Swamp:2)
  2 bunyips
  Josephine (Swamp:1)
  A fire dragon (Lair:5)
  4 hydras
  Erolcha (Orc:2)
  3 ogre magi
  7 centaur warriors
  10 two-headed ogres
  A boulder beetle (Lair:4)
  11 death yaks
  3 tengu warriors
  7 alligators (Swamp:2)
  5 orc high priests (Orc:2)
  Urug (Lair:2)
  A fire crab (Lair:4)
  Sonja (Orc:2)
  A deep elf knight (D:13)
  A skyshark (Lair:4)
  Nergalle (Orc:1)
  4 skeletal warriors (D:15)
  A goliath frog (Swamp:1)
  2 spriggan druids (Swamp:1)
  2 wizards
  A lindwurm (Lair:5)
  5 bog bodies
  8 orc knights
  5 deep elf pyromancers
  A necromancer (D:15)
  2 deep elf zephyrmancers (D:13)
  14 ugly things
  10 elephants
  A manticore (D:15)
  4 cyclopes
  A salamander (Lair:3)
  3 black mambas
  A naga mage (D:15)
  Maurice (Orc:2)
  2 gargoyles
  3 molten gargoyles (Lair:5)
  2 centaur skeletons (D:15)
  7 cane toads
  Maggie (D:6)
  2 efreet (D:15)
  An unseen horror (D:11)
  A yaktaur (D:13)
  A tengu conjurer (D:14)
  2 rime drakes
  8 komodo dragons
  The ghost of TekDriveTruck the Shield-Bearer, an amateur GnFi (D:3)
  3 meliai (D:15)
  7 trolls
  A harpy zombie (D:15)
  6 hornets
  4 polar bears
  3 tyrant leeches (Lair:3)
  A raiju (shapeshifter) (D:13)
  3 blink frogs (Lair:1)
  2 meliai zombies (D:15)
  18 slime creatures
  A centaur simulacrum (D:14)
  Sigmund (D:4)
  3 spriggans
  6 wraiths
  7 wyverns
  34 yaks
  A shadow (D:9)
  The ghost of turdburglar the Digger, an amateur TrEE (D:3)
  A vampire (D:12)
  A steam dragon (Lair:5)
  12 basilisks
  Eustachio (D:4)
  24 vampire mosquitoes
  Edmund (D:6)
  4 wargs
  An acid dragon (D:13)
  17 water moccasins
  9 swamp worms
  5 hell hounds (Lair:5)
  3 ice beasts
  Duvessa (D:6)
  A swamp drake (Lair:3)
  A sky beast (D:5)
  4 black bears
  52 orc warriors
  8 wolves
  6 ogres
  7 centaurs
  2 phantoms
  3 elf zombies (Ossuary)
  7 kobold brigands
  2 gnoll sergeants
  9 bullfrogs
  3 scorpions
  2 wights (D:9)
  Dowan (D:6)
  4 electric eels (D:11)
  4 howler monkeys
  9 lava snakes
  9 jellies
  12 centaur zombies
  32 orc priests
  A sleepcap (D:6)
  6 hounds
  A human zombie (Ossuary)
  A gnoll bouda (D:5)
  Jessica (D:3)
  Terence (D:2)
  2 boggart zombies (D:15)
  15 orc wizards
  A boggart skeleton (D:15)
  2 iguanas
  Ijyb (D:5)
  7 hell rats (Lair:3)
  3 mummies (Ossuary)
  20 gnolls
  8 adders
  2 river rats (D:3)
  3 shadow imps
  5 white imps
  3 ufetubi
  4 worms
  3 dart slugs
  98 orcs
  14 endoplasms
  3 giant cockroaches
  8 goblins
  12 hobgoblins
  9 jackals
  8 quokkas
  6 ball pythons
  7 bats
  3 frilled lizards
  3 goblin skeletons (D:3)
  2 goblin zombies (D:3)
  A jackal zombie (D:7)
  15 kobolds
  A kobold skeleton (D:3)
  2 kobold zombies (D:3)
  2 orc skeletons (D:3)
  An orc zombie (D:3)
  7 rats
815 creatures vanquished.

Vanquished Creatures (others)
  A wizard (D:15)
  A spriggan (Swamp:1)
  A vampire (D:15)
  A wraith (Swamp:1)
4 creatures vanquished.

Grand Total: 819 creatures vanquished

Notes
Turn   | Place    | Note
-------+----------+-------------------------------------------
     0 | D:1      | bearlyready the Merfolk Transmuter began the quest for the
                  | Orb.
     0 | D:1      | Reached XP level 1. HP: 15/15 MP: 3/3
    76 | D:1      | Reached XP level 2. HP: 21/22 MP: 5/5
   173 | D:1      | Learned a level 2 spell: Wereblood
   696 | D:1      | Reached XP level 3. HP: 20/27 MP: 6/6
  1262 | D:2      | Noticed Terence
  1270 | D:2      | Killed Terence
  1271 | D:2      | Reached skill level 1 in Evocations
  1271 | D:2      | Reached XP level 4. HP: 11/35 MP: 5/7
  1389 | D:2      | Found Saserr's Assorted Antiques.
  1687 | D:2      | Found a faded altar of an unknown god.
  1840 | D:2      | Reached skill level 1 in Polearms
  1840 | D:2      | Reached XP level 5. HP: 38/41 MP: 8/8
  2247 | D:3      | Identified a scroll of acquirement
  2247 | D:3      | Acquired 737 gold pieces
  2253 | D:3      | Noticed Jessica
  2259 | D:3      | Killed Jessica
  2260 | D:3      | Reached skill level 2 in Polearms
  2265 | D:3      | Acquired 679 gold pieces
  2400 | D:3      | Found a glowing silver altar of Zin.
  2424 | D:3      | Found a runed translucent gate.
  2425 | D:3      | Found a runed translucent gate.
  2536 | D:4      | Noticed Eustachio
  2557 | D:4      | Reached skill level 4 in Polearms
  2557 | D:4      | Reached XP level 6. HP: 14/47 MP: 9/9
  2571 | D:4      | Killed Eustachio
  2572 | D:4      | Reached skill level 5 in Polearms
  2749 | D:4      | Reached skill level 6 in Polearms
  2774 | D:4      | Noticed Sigmund
  2784 | D:4      | Killed Sigmund
  2785 | D:4      | Reached skill level 7 in Polearms
  2785 | D:4      | Reached XP level 7. HP: 52/52 MP: 10/10
  2960 | D:4      | Reached skill level 8 in Polearms
  3235 | D:4      | Found Deosah's Distillery.
  3239 | D:4      | Bought a potion of curing for 36 gold pieces
  3239 | D:4      | Bought a potion of curing for 36 gold pieces
  3239 | D:4      | Bought a potion of heal wounds for 60 gold pieces
  3549 | D:5      | Entered Level 5 of the Dungeon
  3586 | D:5      | Found Ceggach's General Store.
  3591 | D:5      | Bought a potion of haste for 140 gold pieces
  3591 | D:5      | Bought a potion of might for 56 gold pieces
  3591 | D:5      | Bought a +0 pair of gloves of infusion for 161 gold pieces
  3610 | D:5      | Reached skill level 9 in Polearms
  3707 | D:3      | Found a glowing golden altar of the Shining One.
  3941 | D:3      | Found a basalt altar of Yredelemnul.
  4077 | D:3      | Reached XP level 8. HP: 58/58 MP: 8/11
  4164 | D:3      | Found a runed translucent gate.
  4167 | D:3      | Noticed TekDriveTruck's ghost (amateur GnFi)
  4167 | D:3      | Noticed turdburglar's ghost (amateur TrEE)
  4625 | D:5      | Reached skill level 10 in Polearms
  4861 | D:6      | Found Weczud's Book Shop.
  4861 | D:6      | Noticed Duvessa
  4861 | D:6      | Noticed Dowan
  4878 | D:6      | Killed Duvessa
  4895 | D:6      | Killed Dowan
  4896 | D:6      | Reached skill level 11 in Polearms
  5028 | D:6      | Bought a manual of Shields for 880 gold pieces
  5114 | D:6      | Found a staircase to the Ecumenical Temple.
  5119 | D:6      | Found an iron altar of Okawaru.
  5128 | D:6      | Became a worshipper of Warmaster Okawaru
  5134 | D:6      | Found a hide-covered altar of Uskayaw.
  5134 | D:6      | Found an ancient bone altar of Kikubaaqudgha.
  5159 | D:6      | Noticed Edmund
  5180 | D:6      | Killed Edmund
  5343 | D:6      | Found a broken altar of Ashenzari.
  5576 | D:6      | Noticed Maggie
  5591 | D:6      | Killed Maggie
  5591 | D:6      | Reached * piety under Okawaru
  5592 | D:6      | Reached skill level 5 in Fighting
  5592 | D:6      | Reached skill level 12 in Polearms
  5592 | D:6      | Reached XP level 9. HP: 68/68 MP: 12/12
  5760 | D:6      | Reached skill level 13 in Polearms
  6163 | Temple   | Entered the Ecumenical Temple
  6275 | D:5      | Noticed Ijyb
  6282 | D:5      | Killed Ijyb
  6293 | D:5      | Reached skill level 1 in Invocations
  6305 | D:5      | Reached ** piety under Okawaru
  6841 | D:5      | Found a bloodstained altar of Trog.
  7203 | D:7      | Found Fuolot's Assorted Antiques.
  7284 | D:7      | Found a flagged portal.
  7299 | Bailey   | Entered a bailey
  7363 | Bailey   | Reached XP level 10. HP: 43/79 MP: 0/13
  7368 | Bailey   | Reached skill level 5 in Dodging
  7471 | Bailey   | Reached *** piety under Okawaru
  7481 | Bailey   | Found a bloodstained altar of Trog.
  7585 | D:7      | Found a sand-covered staircase.
  7598 | Ossuary  | Entered an ossuary
  7666 | Ossuary  | Reached skill level 14 in Polearms
  8139 | D:7      | Noticed a deep elf pyromancer
  8150 | D:7      | Killed a deep elf pyromancer
  8312 | D:7      | Found a shimmering altar of Xom.
  8313 | D:7      | Found a hazy altar of Hepliaklqana.
  8314 | D:7      | Noticed a spectral ugly thing
  8556 | D:8      | Reached **** piety under Okawaru
  9448 | D:9      | Identified the +2 mace "Jellyslayer" {drain, Str+5}
 10118 | D:9      | Reached XP level 11. HP: 89/89 MP: 7/14
 10125 | D:9      | Reached skill level 1 in Armour
 10137 | D:9      | Reached skill level 15 in Polearms
 10214 | D:9      | Noticed a centaur warrior
 10221 | D:9      | Killed a centaur warrior
 10329 | D:9      | Reached ***** piety under Okawaru
 10544 | D:9      | Identified the +5 plate armour "Oquazot" {Int+6}
 10843 | D:10     | Entered Level 10 of the Dungeon
 10847 | D:10     | Noticed a deep elf pyromancer
 10855 | D:10     | Killed a deep elf pyromancer
 11246 | D:9      | Received a gift from Okawaru
 11438 | D:10     | Reached skill level 10 in Fighting
 11585 | D:10     | Noticed an orange crystal statue
 11683 | D:10     | Found an opulent altar of Gozag.
 11855 | D:10     | Found Bumoex's Distillery.
 11863 | D:10     | Bought a potion of curing for 36 gold pieces
 11863 | D:10     | Bought 2 potions of heal wounds for 120 gold pieces
 11945 | D:10     | Found an ornate altar of the Wu Jian Council.
 11951 | D:10     | Found a burning altar of Makhleb.
 11959 | D:10     | Found a radiant altar of Vehumet.
 12083 | D:11     | Found Jerero's Antique Weapon Shoppe.
 12118 | D:11     | Noticed a cyan ugly thing
 12128 | D:11     | Killed a cyan ugly thing
 12140 | D:11     | Noticed a cyclops
 12150 | D:11     | Killed a cyclops
 12358 | D:11     | Noticed a cyclops
 12370 | D:11     | Killed a cyclops
 12371 | D:11     | Reached XP level 12. HP: 86/97 MP: 10/15
 12386 | D:11     | Reached skill level 5 in Evocations
 12390 | D:11     | Found a flickering gateway to a bazaar.
 12403 | Bazaar   | Entered a bazaar
 12403 | Bazaar   | Found Bessif Qerph's Antique Armour Shop.
 12604 | Bazaar   | Found Vasheufa's Assorted Antiques.
 12614 | Bazaar   | Found Tefievud's Antique Weapon Boutique.
 12642 | Bazaar   | Found Qaoladij's Armour Emporium.
 12648 | Bazaar   | Found Ixku's General Store.
 12656 | Bazaar   | Bought a potion of invisibility for 80 gold pieces
 12656 | Bazaar   | Bought a scroll of teleportation for 30 gold pieces
 12674 | D:11     | Received a gift from Okawaru
 12756 | D:11     | Reached skill level 10 in Dodging
 12987 | D:11     | Found Ogimeul's Armour Boutique.
 13011 | D:11     | Found a staircase to the Lair.
 13485 | D:11     | Found Muucar's Distillery.
 13491 | D:11     | Bought 2 potions of haste for 280 gold pieces
 13491 | D:11     | Bought a potion of heal wounds for 70 gold pieces
 13491 | D:11     | Bought a potion of heal wounds for 70 gold pieces
 13658 | D:12     | Reached skill level 16 in Polearms
 13658 | D:12     | Reached skill level 5 in Invocations
 14336 | D:12     | Found a staircase to the Orcish Mines.
 14494 | D:13     | Noticed a centaur warrior
 14502 | D:13     | Killed a centaur warrior
 14514 | D:13     | Noticed a centaur warrior
 14523 | D:13     | Killed a centaur warrior
 14565 | D:13     | Noticed a centaur warrior
 14640 | D:13     | Noticed a five-headed hydra
 14650 | D:13     | Killed a five-headed hydra
 14664 | D:13     | Killed a centaur warrior
 14925 | D:13     | Noticed an ogre mage
 14927 | D:13     | Noticed a two-headed ogre
 14928 | D:13     | Noticed a two-headed ogre
 14938 | D:14     | Noticed a tengu warrior
 15058 | Lair:1   | Entered Level 1 of the Lair of Beasts
 15166 | Lair:1   | Reached skill level 1 in Shields
 15729 | Lair:1   | Reached ****** piety under Okawaru
 15783 | Lair:1   | Reached skill level 5 in Transmutations
 16044 | Lair:1   | Received a gift from Okawaru
 16061 | Lair:1   | Reached XP level 13. HP: 95/106 MP: 0/17
 16574 | Lair:2   | Noticed Urug
 16585 | Lair:2   | Killed Urug
 17387 | Lair:3   | Found a staircase to the Snake Pit.
 17717 | Lair:3   | Reached skill level 5 in Shields
 18280 | Lair:3   | Found a staircase to the Swamp.
 18371 | Lair:3   | Reached skill level 17 in Polearms
 18890 | Lair:4   | Identified the +6 scale mail of Action {Rampage rPois rC-
                  | Will+++} (Okawaru gifted it to you on level 4 of the Lair
                  | of Beasts)
 18890 | Lair:4   | Received a gift from Okawaru
 19495 | Lair:4   | Learned a level 6 spell: Statue Form
 19974 | Lair:4   | Reached skill level 1 in Earth Magic
 20082 | Lair:4   | Found a staircase to the Slime Pits.
 21060 | Lair:5   | Entered Level 5 of the Lair of Beasts
 21747 | Lair:5   | Reached XP level 14. HP: 101/115 MP: 0/20
 22281 | Lair:5   | Identified the +1 robe "Paoro" {*Slow rC+ Stlth+} (Okawaru
                  | gifted it to you on level 5 of the Lair of Beasts)
 22281 | Lair:5   | Received a gift from Okawaru
 22712 | Lair:5   | Identified the +0 pair of gloves of Jis Dias {rElec Regen+}
 23349 | Lair:5   | Found a large runed translucent door.
 23369 | Lair:5   | Found a large runed translucent door.
 23804 | Orc:1    | Entered Level 1 of the Orcish Mines
 23804 | Orc:1    | Noticed Nergalle
 23947 | Orc:1    | Killed Nergalle
 24017 | Orc:2    | Entered Level 2 of the Orcish Mines
 24024 | Orc:2    | Reached skill level 18 in Polearms
 24093 | Orc:2    | Noticed Erolcha
 24102 | Orc:2    | Noticed an orc warlord
 24104 | Orc:2    | Noticed Sonja
 24120 | Orc:2    | Noticed Maurice
 24131 | Orc:2    | Killed Erolcha
 24162 | Orc:2    | Found a transporter.
 24404 | D:13     | Received a gift from Okawaru
 24427 | D:13     | Found a gate to the Vaults.
 24558 | D:14     | Reached skill level 10 in Shields
 24698 | D:13     | Reached XP level 15. HP: 88/124 MP: 21/21
 25203 | D:14     | Found a shimmering blue altar of Sif Muna.
 25281 | D:14     | Found a white marble altar of Elyvilon.
 25567 | D:14     | Identified the +0 hat "Rolaf" {+Blink rC+ Will-} (Okawaru
                  | gifted it to you on level 14 of the Dungeon)
 25567 | D:14     | Received a gift from Okawaru
 25630 | D:15     | Entered Level 15 of the Dungeon
 25820 | D:15     | Reached skill level 10 in Transmutations
 26280 | D:15     | Reached skill level 19 in Polearms
 26293 | D:15     | Paralysed by something for 3 turns
 26553 | D:15     | Reached skill level 5 in Spellcasting
 26758 | D:15     | Identified the +1 scale mail "Udumue" {rC+ rN+ rCorr Int+4}
 26956 | D:15     | Found a staircase to the Depths.
 27039 | D:15     | Identified the +0 hand axe of Brutal Revenge {vamp, rC+
                  | rCorr Dex+3}
 27478 | D:3      | Killed TekDriveTruck's ghost
 27486 | D:3      | Killed turdburglar's ghost
 27813 | Orc:1    | Killed an orc warlord
 28243 | Orc:2    | Killed Maurice
 28244 | Orc:2    | Reached XP level 16. HP: 134/134 MP: 24/24
 28276 | Orc:2    | Found a staircase to the Elven Halls.
 28345 | Orc:2    | Found a bloodstained altar of Trog.
 28453 | Orc:2    | Noticed jpeg9000's ghost (journeyman DjHW)
 28551 | Orc:2    | Found a transporter.
 28580 | Orc:2    | Found Cifeasm's Weapon Boutique.
 28861 | Orc:2    | Killed Sonja
 28861 | Orc:2    | Received a gift from Okawaru
 29006 | Orc:2    | Found Miantoev's Assorted Antiques.
 29006 | Orc:2    | Found Peyst's Book Boutique.
 29007 | Orc:2    | Found Vaepass's Weapon Shop.
 29007 | Orc:2    | Found Anway's Distillery.
 29014 | Orc:2    | Bought a potion of heal wounds for 130 gold pieces
 29019 | Orc:2    | Bought 2 potions of curing for 108 gold pieces
 29019 | Orc:2    | Bought a potion of curing for 54 gold pieces
 29019 | Orc:2    | Bought a potion of heal wounds for 90 gold pieces
 29019 | Orc:2    | Bought a potion of mutation for 144 gold pieces
 29141 | D:11     | Bought a +2 helmet for 181 gold pieces
 29142 | D:11     | Acquired 702 gold pieces
 29229 | Swamp:1  | Entered Level 1 of the Swamp
 29241 | Swamp:1  | Identified the -1 buckler "Cakeow" {rElec} (Okawaru gifted
                  | it to you on level 1 of the Swamp)
 29241 | Swamp:1  | Received a gift from Okawaru
 29259 | Swamp:1  | Noticed a thorn hunter
 29281 | Swamp:1  | Killed a thorn hunter
 30107 | Swamp:1  | Noticed Josephine
 30127 | Swamp:1  | Killed Josephine
 30313 | Swamp:2  | Noticed Jorgrun
 30376 | Swamp:2  | Killed Jorgrun
 30580 | Swamp:2  | Reached skill level 20 in Polearms
 31038 | Swamp:2  | Noticed Nikola
 31172 | Swamp:3  | Noticed a fenstrider witch
 31184 | Arena    | Entered the Arena
 31192 | Arena    | Reached skill level 15 in Fighting
 31203 | Swamp:2  | Paralysed by a fenstrider witch for 3 turns
 31207 | Swamp:2  | HP: 6/136 [something (3)]
 31207 | Swamp:2  | Killed from afar by a fenstrider witch

Illustrated notes

Levels and vault maps discovered:
D:1:      saegor_arrival_under_anarchy, layout_basic
D:2:      layout_loops_corners, serial_shops, shop,
          shapermc_ecumenical_altar_mp_urbaneastern, minmay_vboxes, uniq_terence
D:3:      layout_basic, general_overflow_altar,
          mainiacjoe_overflow_tiny_flanked, nicolae_tso_besieged_by_evil,
          gammafunk_ghost_cemetery, gup_sewer_entry_bubbles,
          chequers_serial_rivers_large_a, serial_bayou_pond_d, uniq_jessica
D:4:      layout_basic, serial_shops, shop, minmay_misc_feat_secret_circle,
          uniq_eustachio, uniq_sigmund
D:5:      layout_loops_ring, lemuel_doored_altar, serial_shops,
          nicolae_shop_hallway_stairs, uniq_ijyb
D:6:      layout_cave_pools, ashenzari_altar_1, okawaru_ov_weapons_minmay,
          grunt_temple_overflow_open, minmay_temple_entry_sparse_star,
          serial_shops, shop, minmay_fractal_squares_5, uniq_duvessa,
          uniq_edmund, uniq_maggie
D:7:      layout_rooms, regret_index_temple_of_mockery, enter_ossuary_3,
          serial_shops, shop, enter_bailey_5, guppyfry_early_elven_hall
D:8:      layout_rooms, special_room [special_room_orc], serial_glass,
          glass_columns_a, glass_columns_c, glass_columns_a, glass_columns_a,
          glass_columns_a, glass_columns_b
D:9:      minmay_slanted_spiral_squares, layout_loops_cross
D:10:     layout_big_octagon, grunt_gozag_statues,
          minmay_overflow_temple_star_quad, serial_shops, shop, moated_statue,
          minmay_statue_bubble
D:11:     layout_irregular_city, erik_lair_island, gauntlet_entry_generic,
          serial_shops, bzr_entry_dummy, shop,
          nicolae_shop_pleasant_corner_grove, shop
D:12:     layout_long_grid, orc_0_dummy, serial_bayou_pond_c
D:13:     layout_rooms, hangedman_vaults_entry_quadrant_bands
D:14:     layout_rooms, led_sif_pool, elyvilon_altar_4
D:15:     grunt_enter_depths_magical_seal, layout_long_grid,
          chequers_serial_rivers_room_b, serial_undead, serial_undead_e,
          serial_undead_c, serial_undead_c, serial_undead_d
Temple:   hellmonk_temple_of_storms
Lair:1:   lemuel_slime, layout_loops_ring, grunt_forest_small_clearing_treed
Lair:2:   layout_chaotic_city, uniq_urug
Lair:3:   layout_small_grid, minmay_swamp_entry_worms,
          nicolae_snake_entry_warm_welcome
Lair:4:   layout_cave_pods, dpeg_slime_entry_enclosed, grunt_megastairs_1
Lair:5:   cheibrodos_lair_end_hotspot, layout_gridlike, dreamdust_wasp_nest
Swamp:1:  layout_basic_swamp, infiniplex_staircase_pool_2, uniq_josephine
Swamp:2:  layout_basic_swamp, serial_swamp_ruin, evilmike_swamp_ruin_house_2,
          evilmike_swamp_ruin_house_6, nicolae_swamp_some_circles, uniq_jorgrun,
          uniq_nikola
Swamp:3:  layout_basic_swamp, hangedman_swamp_ruin_wall
Orc:1:    layout_caves, uniq_nergalle, uniq_snorg, uniq_erica
Orc:2:    st_orc_pillars, layout_diamond_mine,
          gammafunk_ghost_wrathful_warriors, serial_shops,
          nicolae_shop_behind_doors, uniq_maurice, uniq_sonja, uniq_erolcha

Skill      XL: |  1  2  3  4  5  6  7  8  9 10 11 12 13 14 15 16 |
---------------+-------------------------------------------------+-----
Transmutations | 3 4 5 6 9 10 | 10.8
Fighting       | 2 3 5 7 9 10 11 12 13 14 15 | 15.0
Evocations     | 1 2 4 6 |  6.0
Polearms       | 1 4 7 9 12 13 14 15 16 17 18 19 20 | 20.0
Dodging        | 4 8 9 10 11 12 | 12.6
Invocations    | 3 4 6 8 9 |  9.0
Armour         | 3 4 |  4.1
Shields        | 3 7 10 12 13 | 13.5
Earth Magic    | 2 3 4 |  4.2
Spellcasting   | 5 6 |  6.6
Unarmed Combat | |  3.2

Action                     |  1- 3 |  4- 6 |  7- 9 | 10-12 | 13-15 | 16-18 || total
---------------------------+-------+-------+-------+-------+-------+-------++-------
  Melee: Unarmed           |   150 |    15 |       |       |       |       ||   165
         Headbutt          |     4 |       |       |       |       |       ||     4
         Punch             |     3 |     1 |    11 |    13 |       |       ||    28
         Spear             |       |    92 |   253 |       |       |       ||   345
         Tailslap          |       |       |     2 |       |       |    39 ||    41
         Lance             |       |       |   162 |   794 |  2032 |   676 ||  3664
  Throw: Dart              |       |       |     6 |       |       |     1 ||     7
         Throwing net      |       |       |       |       |     3 |       ||     3
         Javelin           |       |       |       |       |     1 |       ||     1
         Boomerang         |       |       |       |       |       |     7 ||     7
   Cast: Beastly Appendage |     2 |       |     1 |       |       |       ||     3
         Wereblood         |       |       |     1 |     2 |     8 |     2 ||    13
 Invoke: Finesse           |       |       |       |     1 |       |     3 ||     4
         Duel              |       |       |       |       |       |     1 ||     1
  Evoke: Wand              |     2 |     2 |     3 |    18 |    15 |     9 ||    49
    Use: Scroll            |       |     5 |     8 |    11 |    11 |     3 ||    38
         Potion            |       |     2 |     4 |     2 |     2 |     3 ||    13
   Stab: Sleeping          |       |       |     1 |       |       |       ||     1
         Paralysed         |       |       |       |     7 |    18 |       ||    25
         Held in net/web   |       |       |       |       |     1 |       ||     1
 Armour: Robe              |    17 |       |     3 |       |       |       ||    20
         Ring mail         |       |    14 |    33 |       |       |       ||    47
         Skin              |       |    14 |    10 |       |       |       ||    24
         Steam dragon scal |       |       |    31 |       |       |       ||    31
         Scale mail        |       |       |       |   156 |   412 |   137 ||   705
  Dodge: Dodged            |    88 |    43 |    93 |   243 |   532 |   166 ||  1165
  Block: Other             |       |       |    50 |    43 |       |       ||    93
         Reflection        |       |       |     6 |    21 |    44 |    17 ||    88
         Buckler           |       |       |       |   112 |   270 |       ||   382
         Kite shield       |       |       |       |       |   886 |   458 ||  1344
